 Dungeon Crawl Stone Soup version 0.18-a0-1782-gb76a692 (webtiles) character file.

4333 Moloch the Spear-Bearer (level 10, -7/83 HPs)
             Began as a Centaur Chaos Knight on Apr 17, 2016.
             Mangled by a seven-headed hydra (10 damage)
             ... while paralysed by the severe capriciousness of Xom
             ... on level 10 of the Dungeon.
             The game lasted 00:36:18 (8905 turns).

Moloch the Spear-Bearer (Centaur Chaos Knight)      Turns: 8905, Time: 00:36:19

Health: -7/83      AC: 13    Str: 19    XL:     10   Next: 12%
Magic:  13/13      EV:  1    Int: 11    God:    Xom [....*.]
Gold:   507        SH:  0    Dex:  8    Spells: 0 memorised, 9 levels left

rFire  . . .     SeeInvis .     a - +1 spear (chaos)
rCold  + . .     Gourm    .     N - +0 troll leather armour
rNeg   + + +     Faith    .     (no shield)
rPois  ∞         Spirit   .     r - +1 hat
rElec  .         Dismiss  .     (no cloak)
rCorr  .         Reflect  .     (no gloves)
SustAt .         Harm     .     (no barding)
MR     +....                    (no amulet)
Stlth  +.........               Q - +1 ring of protection
                                b - ring of stealth

@: paralysed, lich-form, drained, very quick, somewhat resistant to hostile
enchantments, very unstealthy
A: hooves 3, deformed body, speed 3, tough skin 3
a: Renounce Religion


You were on level 10 of the Dungeon.
You worshipped Xom.
You were a beloved toy of Xom.
You were not hungry.
You were a lich.
You visited 1 branch of the dungeon, and saw 10 of its levels.
You also visited: Ossuary.

You collected 910 gold pieces.
You spent 403 gold pieces at shops.

Inventory:

Hand Weapons
 a - a +1 spear of chaos (weapon)
 v - a +0 halberd
 M - a +0 shortbow
Missiles
 u - a throwing net (quivered)
 w - 119 arrows
 O - 3 javelins
Armour
 r - a +1 hat (worn)
 N - a +0 troll leather armour (worn)
Jewellery
 b - a ring of stealth (left hand)
 A - a +6 ring of intelligence
 C - an uncursed ring of positive energy
 Q - a +1 ring of protection (right hand)
Wands
 f - a wand of flame (0/48)
 j - a wand of enslavement (0/24)
 q - a wand of lightning (8/15)
 y - a wand of slowing (9/48)
 K - a wand of acid (5/15)
 R - a wand of slowing (13/48)
Scrolls
 e - a scroll of enchant weapon
 h - 3 scrolls of random uselessness
 l - 3 scrolls of identify
 m - a scroll of vulnerability {unknown}
 n - 2 scrolls of fog
 o - 2 scrolls of remove curse
 x - a scroll of amnesia
 D - a scroll of teleportation
 E - a scroll of recharging
 L - a scroll of magic mapping {unknown}
Potions
 i - 2 potions of might {unknown}
 k - a potion of cancellation
 p - 2 potions of lignification
 s - a potion of magic
 t - 4 potions of curing
 B - 5 potions of haste
 F - a potion of agility
 G - 3 potions of heal wounds
 H - 2 potions of flight
 I - a potion of brilliance {unknown}
 J - 2 potions of resistance
Comestibles
 c - 13 bread rations
 d - 7 slices of pizza
 g - 5 beef jerkies
 z - 5 meat rations
 P - a chunk of flesh


   Skills:
 + Level 5.7(5.0) Fighting
 + Level 11.6(10.8) Polearms
 - Level 1.3(0.7) Armour
 - Level 0.6(0.0) Dodging
 * Level 5.2(4.5) Evocations


You had 9 spell levels left.
You didn't know any spells.

Dungeon Overview and Level Annotations

Branches:
Dungeon (10/15)            Temple (0/1) D:4            Lair (0/8) D:9
    Orc: D:9-12

Altars:
Cheibriados
Elyvilon
Makhleb
Okawaru
Ru
Vehumet
Xom
Yredelemnul

Shops:
D:7 !

Annotations:
D:5 Moloch's ghost, novice CeCK


Innate Abilities, Weirdness & Mutations

You have hooves in place of feet.
Armour fits poorly on your strangely shaped body.
You cover ground extremely quickly.
You have extremely tough skin (AC +3).


Message History

The seven-headed hydra bites you.
* * * LOW HITPOINT WARNING * * *
The seven-headed hydra bites you but does no damage. x2
The seven-headed hydra bites you!
* * * LOW HITPOINT WARNING * * *
The yak gores your crimson imp!
Your crimson imp blinks!
You hear a bellow! x2
The orc is no longer moving slowly.
The howler monkey hits you but does no damage.
The howler monkey bites you but does no damage.
The seven-headed hydra bites you but does no damage.
The seven-headed hydra bites you.
* * * LOW HITPOINT WARNING * * *
The seven-headed hydra bites you but does no damage.
The seven-headed hydra bites you.
* * * LOW HITPOINT WARNING * * *
The seven-headed hydra bites you!
You die...
Xom cackles wildly!

#..........# ##§#
#.......#######..
##
#................
#.
#......###..o....
#.
#..........###...
#.## #..5Y.o.####
#... #..#
#.l...5.# #...
##.####h....###
#...
#<...LDY..###
####
######."....# #
#....#.##### #
#....#.....######
##########......#
######.. ###


You could see a seven-headed hydra, a komodo dragon, 2 yaks, a howler monkey, a
crimson imp, an orc and a friendly crimson imp.

Vanquished Creatures
  An elephant (D:9)
  A troll (D:8)
  A two-headed ogre (D:10)
  A two-headed ogre (shapeshifter) (D:9)
  A yak (D:8)
  A human (D:8)
  A hippogriff (D:8)
  A sky beast (D:9)
  3 phantoms
  An ice beast (D:6)
  A wasp (D:9)
  3 ogres
  3 centaurs
  2 giant frogs
  2 killer bees (D:7)
  2 howler monkeys
  5 crimson imps
  2 giant frog zombies
  6 hounds
  A giant frog skeleton (D:8)
  3 orc priests
  3 jellies
  Jessica (D:3)
  4 iguanas
  5 worker ants
  3 orc wizards (D:5)
  2 sheep (D:8)
  A sheep (shapeshifter) (D:7)
  A big kobold zombie (Ossuary)
  A hound skeleton (D:6)
  7 mummies
  A worker ant zombie (D:10)
  8 gnolls
  10 adders
  2 shadow imps
  3 adder skeletons
  A worm (D:3)
  3 dart slugs
  3 giant geckos
  13 orcs
  6 bats
  A giant cockroach (D:8)
  8 goblins
  11 hobgoblins
  2 jackals
  7 quokkas
  A ball python (D:5)
  2 giant newts
  3 gnoll zombies (Ossuary)
  A hobgoblin zombie (Ossuary)
  A jackal zombie (D:6)
  5 kobolds
  3 orc zombies (Ossuary)
  A quokka zombie (D:6)
  8 rats
174 creatures vanquished.

Vanquished Creatures (collateral kills)
  A yak (D:9)
  A black bear (D:8)
  A crocodile (D:9)
  A killer bee (D:7)
  A mummy (Ossuary)
  A gnoll (D:3)
6 creatures vanquished.

Vanquished Creatures (others)
  A hog (D:8)
  A crocodile (D:9)
  An orc warrior (D:9)
  A killer bee (D:7)
  A hound skeleton (D:4)
  A mummy (Ossuary)
6 creatures vanquished.

Grand Total: 186 creatures vanquished

Notes
Turn   | Place    | Note
--------------------------------------------------------------
     0 | D:1      | Moloch the Centaur Chaos Knight began the quest for the Orb.
     0 | D:1      | Reached XP level 1. HP: 19/19 MP: 1/1
    70 | D:1      | XOM: butterfly on damage
    74 | D:1      | Reached skill level 3 in Polearms
    74 | D:1      | Reached XP level 2. HP: 12/26 MP: 2/2
   111 | D:1      | XOM: smoke on damage
   408 | D:1      | XOM: divination: detect creatures
   876 | D:2      | Found an iron altar of Okawaru.
   901 | D:2      | Reached XP level 3. HP: 30/31 MP: 3/3
  1017 | D:2      | Reached skill level 4 in Polearms
  1045 | D:2      | XOM: 10-stop teleportation journey
  1165 | D:2      | XOM: give mutations
  1165 | D:2      | Gained mutation: Your system is resistant to poisons. [Xom's grace]
  1165 | D:2      | Gained mutation: Your flesh is heat resistant. [Xom's grace]
  1165 | D:2      | Gained mutation: You evolve. [Xom's grace]
  1165 | D:2      | Gained mutation: You have a pair of small horns on your head. [Xom's grace]
  1412 | D:2      | XOM: give mutations
  1412 | D:2      | Gained mutation: You possess an exceptional clarity of mind. [Xom's grace]
  1412 | D:2      | Gained mutation: You are robust (+10% HP). [Xom's grace]
  1416 | D:2      | XOM is BORED!
  1629 | D:3      | Reached XP level 4. HP: 41/41 MP: 4/4
  1679 | D:3      | Noticed Jessica
  1698 | D:3      | Killed Jessica
  1698 | D:3      | Reached skill level 5 in Polearms
  1966 | D:3      | Reached XP level 5. HP: 5/49 MP: 5/5
  1998 | D:3      | XOM: give mutation
  1998 | D:3      | Gained mutation: You have sharp fingernails. [Xom's grace]
  2237 | D:3      | XOM: god gift: scratched opal ring {god gift}
  2263 | D:3      | XOM: harmless Fire miscast
  2269 | D:3      | Reached skill level 6 in Polearms
  2451 | D:4      | XOM: enchant monster (bad)
  2463 | D:4      | Reached XP level 6. HP: 40/56 MP: 6/6
  2533 | D:4      | Found a radiant altar of Vehumet.
  2534 | D:4      | Found a burning altar of Makhleb.
  2576 | D:4      | XOM: summons 3 hostile demons
  2577 | D:4      | Noticed a sun demon
  2581 | D:4      | XOM: 5-stop teleportation journey
  2597 | D:4      | Found a sand-covered staircase.
  2630 | Ossuary  | Entered an ossuary
  2699 | Ossuary  | XOM: medium Tloc miscast
  2731 | Ossuary  | XOM: noise
  2741 | Ossuary  | XOM: summons 3 hostile demons
  2835 | Ossuary  | XOM: harmless Tloc miscast
  3059 | D:4      | Reached skill level 7 in Polearms
  3143 | D:4      | Reached XP level 7. HP: 62/62 MP: 7/7
  3240 | D:4      | XOM: 1-stop teleportation journey
  3406 | D:3      | XOM: mild Chrm miscast
  3587 | D:4      | Reached skill level 1 in Evocations
  3675 | D:4      | Found a snail-covered altar of Cheibriados.
  3742 | D:4      | Found a staircase to the Ecumenical Temple.
  3997 | D:5      | Entered Level 5 of the Dungeon
  4004 | D:5      | XOM: harmless Fire miscast
  4047 | D:5      | Noticed Moloch's ghost (novice CeCK)
  4201 | D:5      | XOM: medium Chrm miscast
  4208 | D:5      | XOM: potion effect (invisibility)
  4225 | D:4      | Reached skill level 8 in Polearms
  4331 | D:5      | XOM: potion effect (might)
  4557 | D:5      | Reached XP level 8. HP: 69/69 MP: 9/9
  4599 | D:5      | XOM: mild Pois miscast
  4600 | D:5      | XOM: divination: magic mapping
  4623 | D:5      | Found a basalt altar of Yredelemnul.
  4655 | D:5      | XOM: harmless Divn miscast
  4693 | D:5      | Found a white marble altar of Elyvilon.
  4799 | D:5      | XOM: noise
  4873 | D:5      | XOM: give mutation
  4873 | D:5      | Lost mutation: You possess an exceptional clarity of mind. [Xom's mischief]
  4875 | D:5      | XOM: harmless Necr miscast
  4909 | D:5      | Reached skill level 9 in Polearms
  4946 | D:5      | Noticed a blink frog
  4946 | D:5      | a sky beast changed into a blink frog
  4946 | D:5      | XOM: polymorph sky beast -> blink frog
  4947 | D:5      | Noticed a raiju
  4947 | D:5      | a blink frog changed into a raiju
  4947 | D:5      | XOM: polymorph blink frog -> raiju
  5084 | D:6      | XOM: mild Trmt miscast
  5114 | D:6      | XOM: enchant monster (bad)
  5395 | D:6      | XOM: chaos cloud
  5401 | D:6      | XOM: give mutations
  5401 | D:6      | Lost mutation: Your system is resistant to poisons. [Xom's mischief]
  5401 | D:6      | Lost mutation: You have sharp fingernails. [Xom's mischief]
  5401 | D:6      | Lost mutation: You are robust (+10% HP). [Xom's mischief]
  5401 | D:6      | Gained mutation: You cover ground extremely quickly. [Xom's mischief]
  5483 | D:6      | XOM: 3-stop teleportation journey
  6027 | D:7      | XOM: 3-stop teleportation journey
  6158 | D:7      | XOM: 3-stop teleportation journey
  6299 | D:7      | Found Qerej's Distillery.
  6306 | D:7      | Bought a potion of heal wounds for 65 gold pieces
  6306 | D:7      | Bought a potion of haste for 130 gold pieces
  6306 | D:7      | Bought a potion of curing for 39 gold pieces
  6306 | D:7      | Bought a potion of flight for 39 gold pieces
  6306 | D:7      | Bought a potion of resistance for 130 gold pieces
  6416 | D:8      | Found a sacrificial altar of Ru.
  6426 | D:8      | XOM: blink monster(s)
  6427 | D:8      | XOM: confusion
  6444 | D:8      | Reached skill level 10 in Polearms
  6478 | D:8      | XOM: noise
  6508 | D:8      | Reached XP level 9. HP: 45/70 MP: 11/11
  6602 | D:8      | XOM: medium Conj miscast
  6631 | D:8      | XOM: silly message
  6704 | D:8      | XOM: colour smoke trail
  6718 | D:8      | XOM: polymorph jelly -> worker ant
  6749 | D:8      | XOM: cast spell 'Chain of Chaos'
  6857 | D:8      | Noticed a troll
  6889 | D:8      | Killed a troll
  6947 | D:8      | XOM: mild Necr miscast
  7032 | D:8      | Found a shimmering altar of Xom.
  7425 | D:8      | Lost mutation: Your flesh is heat resistant. [potion of cure mutation]
  7425 | D:8      | Lost mutation: You have a pair of small horns on your head. [potion of cure mutation]
  7425 | D:8      | Lost mutation: You evolve. [potion of cure mutation]
  7430 | D:8      | XOM: divination: detect creatures
  7440 | D:8      | XOM: divination: magic mapping
  7457 | D:8      | XOM: mild Pois miscast
  7462 | D:8      | XOM: cast spell 'Cause Fear'
  7480 | D:8      | XOM: confuse monster(s)
  7507 | D:8      | XOM: divination: detect creatures
  7534 | D:8      | Reached skill level 11 in Polearms
  7659 | D:9      | Found a staircase to the Lair.
  7660 | D:9      | Noticed an elephant
  7670 | D:9      | XOM: divination: detect items
  7671 | D:9      | XOM: enchant monster (good)
  7742 | D:9      | Killed an elephant
  7742 | D:9      | Reached skill level 5 in Fighting
  7742 | D:9      | Reached skill level 5 in Evocations
  7842 | D:9      | Found an iron altar of Okawaru.
  8247 | D:9      | XOM: potion effect (invisibility)
  8256 | D:9      | Reached XP level 10. HP: 81/81 MP: 13/13
  8464 | D:10     | Entered Level 10 of the Dungeon
  8467 | D:10     | XOM: cast spell 'Olgreb's Toxic Radiance'
  8470 | D:10     | Noticed a seven-headed hydra
  8532 | D:10     | Noticed a hill giant
  8552 | D:9      | XOM: mild Pois miscast
  8743 | D:10     | XOM: god gift: 60 gold pieces
  8780 | D:10     | XOM: cast spell 'Necromutation'
  8847 | D:10     | XOM: harmless Air miscast
  8849 | D:10     | XOM: summons 4 hostile shadow creatures
  8855 | D:10     | XOM: fog
  8871 | D:10     | XOM: summons 9 friendly demons
  8900 | D:10     | XOM: severe Chrm miscast
  8900 | D:10     | Paralysed by the severe capriciousness of Xom for 7 turns
  8905 | D:10     | HP: 4/83 [seven-headed hydra (3)]
  8905 | D:10     | Mangled by a seven-headed hydra

Vault maps used:
D:1:      dpeg_arrival_line_fractal, minmay_misc_feat_rugged,
          minmay_misc_feat_roman
D:2:      lemuel_round_altar
D:3:      first_bread, nrook_mini_backslash, cheibrodos_gnoll_hut, uniq_jessica
D:4:      grunt_temple_overflow_lords_of_destruction, temple_fountains,
          gup_ossuary_entry_pyramid, kennysheep_slug_shrine
D:5:      kennysheep_ying_yang, kennysheep_little_box
D:7:      serial_shops, nicolae_shop_crystal
D:8:      lemuel_coloured_pillars_altar, nicolae_ru_awakened_eye,
          grunt_livestock, sigmund_army
D:9:      david_lair_generic, hangedman_decor_riveting, okawaru_trees_2
D:10:     johnstein_pakellas_death_squad
Ossuary:  ossuary_tomb_3

Skill      XL: |  1  2  3  4  5  6  7  8  9 |
---------------+----------------------------+-----
Polearms       | 3 4 5 6 7 8 10 11 | 11.6
Evocations     | 2 3 5 |  5.2
Fighting       | 5 |  5.7
Armour         | |  1.3
Dodging        | |  0.6

Action                   |  1- 3 |  4- 6 |  7- 9 | 10-12 || total
-------------------------+-------+-------+-------+-------++-------
Melee: Spear             |   118 |   239 |   556 |    84 ||   997
       Kick              |     9 |    35 |    78 |    16 ||   138
       Headbutt          |       |    16 |    47 |       ||    63
Evoke: Wand              |     1 |     5 |    10 |     9 ||    25
  Use: Scroll            |       |    12 |     8 |     1 ||    21
       Potion            |       |     1 |     8 |       ||     9
 Stab: Paralysed         |     2 |       |       |       ||     2
       Confused          |       |     2 |     3 |       ||     5
       Petrifying        |       |     1 |     3 |       ||     4
       Invisible         |       |       |     5 |       ||     5
       Petrified         |       |       |     1 |       ||     1
       Sleeping          |       |       |       |     1 ||     1
  Eat: Chunk             |     1 |     4 |    11 |     2 ||    18
       Fruit             |       |     1 |     2 |     1 ||     4
Armor: Leather armour    |    28 |    48 |    79 |       ||   155
       Troll leather arm |       |       |     7 |    38 ||    45
Dodge: Dodged            |    33 |    65 |    93 |    10 ||   201
